 Dungeon Crawl Stone Soup version 0.22.1-2-g9c5b331383 (webtiles) character file.

1382 Ihlosi the Sneak (level 8, 0/46 HPs)
             Began as a Kobold Enchanter on Dec 27, 2018.
             Slain by a gnoll
             ... wielding a +0 spear
              (4 damage)
             ... on level 7 of the Dungeon.
             The game lasted 00:29:19 (9883 turns).

Ihlosi the Sneak (Kobold Enchanter)                 Turns: 9883, Time: 00:29:19

Health: 0/46       AC:  2    Str:  9    XL:     8   Next: 99%
Magic:  7/13       EV: 16    Int: 18    God:
Gold:   305        SH:  0    Dex: 16    Spells: 2/14 levels left

rFire    . . .     SeeInvis .   j - +2 long sword (protect)
rCold    . . .     Gourm    .   (shield restricted)
rNeg     . . .     Faith    .   b - +0 robe
rPois    .         Spirit   .   (no helmet)
rElec    .         Reflect  .   (no cloak)
rCorr    .         Harm     .   (no gloves)
MR       +....                  (no boots)
Stlth    ++++......             c - amulet of rage
HPRegen  0.15/turn              e - +4 ring of strength
MPRegen  0.13/turn              n - ring of protection from magic

@: no status effects
A: small, carnivore
a: Evoke Berserk Rage


You were on level 7 of the Dungeon.
You were very full.

You visited 1 branch of the dungeon, and saw 7 of its levels.

You collected 305 gold pieces.

Inventory:

Hand Weapons
 a - a +2 dagger
 j - a +2 long sword of protection (weapon)
 p - a +0 long sword
 q - a +0 blowgun
Missiles
 k - 37 bolts
 r - 27 poisoned needles
 w - 4 needles of confusion
Armour
 b - a +0 robe (worn)
 o - a +0 buckler
 z - a cursed -1 leather armour
Jewellery
 c - an amulet of rage (around neck)
 e - a +4 ring of strength (left hand)
 n - a ring of protection from magic (right hand)
 s - an uncursed ring of protection from cold
 x - an uncursed ring of protection from magic
Wands
 t - a wand of enslavement (3)
Scrolls
 g - a scroll of identify
 h - a scroll of blinking
 i - 6 scrolls of remove curse
 l - 3 scrolls of random uselessness
 m - 3 scrolls of amnesia
Comestibles
 d - 13 rations


   Skills:
 * Level 3.4 Fighting
 * Level 3.9 Short Blades
 - Level 1.0 Armour
 * Level 3.4 Dodging
 * Level 7.0 Stealth
 * Level 3.5 Spellcasting
 * Level 3.1 Conjurations
 + Level 6.3 Hexes
 - Level 1.0 Ice Magic
 * Level 3.4 Evocations


You had 2 spell levels left.
You knew the following spells:

 Your Spells              Type           Power        Failure   Level  Hunger
a - Dazzling Spray        Conj/Hex       ###...       7%          3    ###....
b - Ensorcelled Hibernat  Hex/Ice        ###...       5%          2    ##.....
c - Confuse               Hex            ####....     3%          3    ###....
d - Corona                Hex            ####...      1%          1    None
e - Tukima's Dance        Hex            ####....     3%          3    ###....

Your spell library contained the following spells:

 Spells                   Type           Power        Failure   Level  Hunger


Dungeon Overview and Level Annotations

Branches:
Dungeon (7/15)             Temple (0/1) D:7

Altars:
Cheibriados
Fedhas
Gozag
Okawaru
Qazlal
Trog
Wu Jian
Zin

Portals:
Bailey: D:7

Annotations:
D:3 unfinished, Sigmund


Innate Abilities, Weirdness & Mutations

You are small and have problems with some larger weapons.
You are carnivorous and can eat meat at any time.


Message History

Orders for allies: a - Attack new target. p - Attack previous target. r - Retreat! s - Stop attacking. g - Guard the area. f - Follow me.
Anything else - Cancel.
Gang up on whom?
Press: ? - help, Dir - move target cursor, f - gnoll sergeant, p - gnoll
Aim: a gnoll sergeant, wielding a halberd and wearing a ring mail Attack!
Something closely misses your gnoll.
The gnoll sergeant hits your gnoll with a halberd.
Your gnoll closely misses the gnoll sergeant.
A gnoll comes into view. It is wielding a spear.
The gnoll barely misses your gnoll.
Things that are here:
a halberd; a wand of disintegration (8)
The gnoll sergeant hits you from afar with a halberd!
* * * LOW HITPOINT WARNING * * *
Your gnoll hits the gnoll sergeant with a halberd.
The gnoll misses you.
The gnoll hits you from afar with a spear.
You die...

***,,,*********#.#,,,,,,,**
**,,* *,,,* #.#,******,***,,,*
####.### #.#.# *,,,*,*,,*
.......# #.#g# *,**,**,,*
.......#########.#.# *,*****,,*
....O..##........#.# *,# *,,,
.................#.# *.# *,**
.......##.######.#.#####.###**,*
.O.....##.# ###@#..........,,,*
.......##.# #...gg###...#*******
.##.......# #....g.....[##*,,,,,
.########## #............#*,****
.# #.....##.......,,,,, .#
#.........)..##***** ##
#######..)∩)...,,,,,
*...)..##***** **...?.#


You could see a gnoll sergeant, a gnoll and a friendly gnoll.

Vanquished Creatures
  A water moccasin (D:6)
  An ice beast (D:6)
  An ogre (D:6)
  A centaur (D:5)
  3 howler monkeys
  A bullfrog zombie (D:6)
  A centaur zombie (D:7)
  3 orc priests
  2 hounds
  A bullfrog skeleton (D:4)
  3 iguanas
  3 orc wizards
  Ijyb (D:4)
  6 worker ants
  A hound zombie (D:5)
  A hound skeleton (D:4)
  A mummy (D:4)
  5 gnolls
  A howler monkey skeleton (D:6)
  8 adders
  A shadow imp (D:7)
  3 worms
  2 dart slugs (D:4)
  A leopard gecko (D:3)
  14 orcs
  2 ball pythons (D:4)
  3 giant cockroaches
  12 goblins
  2 hobgoblins
  14 jackals
  A quokka (D:4)
  9 bats
  6 frilled lizards
  9 kobolds
  2 kobold zombies (D:4)
  2 orc zombies (D:4)
  6 rats
134 creatures vanquished.

Vanquished Creatures (collateral kills)
  3 gnolls (D:7)
3 creatures vanquished.

Vanquished Creatures (others)
  An ice beast (D:7)
  An orc (D:6)
2 creatures vanquished.

Grand Total: 139 creatures vanquished

Notes
Turn   | Place    | Note
-------+----------+-------------------------------------------
     0 | D:1      | Ihlosi the Kobold Enchanter began the quest for the Orb.
     0 | D:1      | Reached XP level 1. HP: 10/10 MP: 3/3
   226 | D:1      | Reached XP level 2. HP: 14/15 MP: 5/5
   981 | D:1      | Reached XP level 3. HP: 20/20 MP: 6/6
  1157 | D:2      | Found a stormy altar of Qazlal.
  1157 | D:2      | Found a bloodstained altar of Trog.
  1204 | D:2      | Found a blossoming altar of Fedhas.
  1437 | D:2      | Learned a level 2 spell: Ensorcelled Hibernation
  1441 | D:2      | Learned a level 3 spell: Confuse
  1627 | D:2      | Reached XP level 4. HP: 15/24 MP: 7/7
  1997 | D:2      | Found a snail-covered altar of Cheibriados.
  2233 | D:3      | Noticed Sigmund
  2454 | D:3      | Reached skill level 1 in Fighting
  2454 | D:3      | Reached skill level 5 in Stealth
  2454 | D:3      | Reached XP level 5. HP: 29/29 MP: 2/8
  3148 | D:2      | Reached skill level 1 in Evocations
  3309 | D:4      | Reached skill level 1 in Armour
  3536 | D:4      | Reached XP level 6. HP: 34/34 MP: 5/10
  4090 | D:4      | Reached skill level 6 in Stealth
  4728 | D:4      | Reached XP level 7. HP: 36/40 MP: 3/11
  4753 | D:4      | Noticed Ijyb
  5015 | D:4      | Learned a level 3 spell: Dazzling Spray
  5019 | D:4      | Learned a level 3 spell: Tukima's Dance
  5866 | D:4      | Killed Ijyb
  6267 | D:5      | Entered Level 5 of the Dungeon
  6405 | D:5      | Reached skill level 5 in Hexes
  7505 | D:5      | Found an ornate altar of the Wu Jian Council.
  7871 | D:5      | Reached skill level 1 in Conjurations
  8001 | D:6      | Reached XP level 8. HP: 43/46 MP: 3/12
  8714 | D:6      | Found an opulent altar of Gozag.
  8715 | D:6      | Found a glowing silver altar of Zin.
  8921 | D:6      | Found an iron altar of Okawaru.
  9459 | D:6      | Reached skill level 1 in Ice Magic
  9799 | D:7      | Found a flagged portal.
  9856 | D:7      | Reached skill level 7 in Stealth
  9883 | D:7      | Slain by a gnoll

Skill      XL: |  1  2  3  4  5  6  7  8 |
---------------+-------------------------+-----
Short Blades   | 2 3 |  3.9
Dodging        | 3 |  3.4
Fighting       | 1 2 3 |  3.4
Stealth        | 5 6 7 |  7.0
Evocations     | 1 2 3 |  3.4
Armour         | 1 |  1.0
Spellcasting   | 3 |  3.5
Hexes          | 4 5 6 |  6.3
Conjurations   | 1 3 |  3.1
Ice Magic      | 1 |  1.0

Action                   |  1- 3 |  4- 6 |  7- 9 || total
-------------------------+-------+-------+-------++-------
Melee: Dagger            |   102 |   155 |   235 ||   492
       Long sword        |       |       |     3 ||     3
 Fire: Blowgun           |       |     9 |       ||     9
 Cast: Ensorcelled Hiber |       |    43 |    51 ||    94
       Confuse           |       |     1 |     3 ||     4
       Dazzling Spray    |       |       |    30 ||    30
       Corona            |       |       |     2 ||     2
 Abil: Evoke Berserk Rag |     4 |     1 |       ||     5
Evoke: Wand              |       |       |    10 ||    10
  Use: Potion            |       |     2 |     4 ||     6
       Scroll            |       |       |     9 ||     9
 Stab: Sleeping          |     9 |    31 |    22 ||    62
       Confused          |       |     1 |     4 ||     5
       Invisible         |       |       |     2 ||     2
       Distracted        |       |       |     2 ||     2
  Eat: Chunk             |    14 |    13 |    22 ||    49
Armor: Robe              |    34 |    12 |    13 ||    59
Dodge: Dodged            |   106 |   132 |   171 ||   409
       Rpst.: Long sword |       |       |     1 ||     1
